 Dungeon Crawl Stone Soup version bcrawl-1.28.5 (webtiles) character file.

Game seed: 7104182522593100357

468202 Artagas the Cleaver (level 11, 0/99 HPs)
             Began as a Minotaur Berserker on Jan 26, 2021.
             Was a High Priest of Trog.
             Succumbed to a cane toad's poison
             ... on level 1 of the Lair of Beasts.
             The game lasted 00:17:17 (8884 turns).

Artagas the Cleaver (Minotaur Berserker)            Turns: 8884, Time: 00:17:17

Health: 0/99       AC: 17    Str: 25    XL:     11   Next: 74%
Magic:  24/24      EV: 10    Int:  4    God:    Trog [*****.]
Gold:   612        SH:  0    Dex: 10    Spells: 10/10 levels left

rFire    . . .     SeeInvis .   k - +4 hand axe
rCold    . . .     Gourm    .   (no shield)
rNeg     . . .     Faith    .   z - +0 plate armour
rPois    .         Spirit   .   (helmet restricted)
rElec    .         Reflect  .   (no cloak)
rCorr    .         Harm     .   (no gloves)
MR       .....                  j - +1 pair of boots
Stlth    ..........             O - amulet of regeneration
HPRegen  0.98/turn              d - ring of stealth
MPRegen  0.19/turn              K - ring of magical power

@: lethally poisoned (0 -> -20), berserk cooldown, slowed, very slow
A: retaliatory headbutt, horns 2
a: Berserk, Trog's Hand, Brothers in Arms, Renounce Religion


You were on level 1 of the Lair of Beasts.
You worshipped Trog.
Trog was extremely pleased with you.
You were hungry.

You visited 3 branches of the dungeon, and saw 11 of its levels.

You collected 677 gold pieces.
You spent 65 gold pieces at shops.

Inventory:

Hand Weapons
 a - a +0 hand axe
 k - a +4 hand axe (weapon)
   (You took it off a wight on level 6 of the Dungeon)
 E - a cursed +4 battleaxe
   (You took it off a wight on level 7 of the Dungeon)
 I - a +3 morningstar of freezing
   (You took it off a wight on level 7 of the Dungeon)
 P - a +2 antimagic battleaxe
   (Trog gifted it to you on level 1 of the Lair of Beasts)
Missiles
 b - 42 exploding tomahawks
 J - 51 poisoned tomahawks (quivered)
Armour
 j - a +1 pair of boots (worn)
   (You found it on level 4 of the Dungeon)
 o - a +0 scale mail
   (You found it on level 2 of the Dungeon)
 u - a +0 pair of boots
   (You found it on level 3 of the Dungeon)
 z - a +0 plate armour (worn)
   (You took it off an orc warrior in the Ecumenical Temple)
 L - a +2 cloak of magic resistance
   (You found it on level 8 of the Dungeon)
Jewellery
 d - a ring of stealth (left hand)
   (You found it on level 1 of the Dungeon)
 l - an uncursed amulet of guardian spirit
   (You found it on level 2 of the Dungeon)
 K - a ring of magical power (right hand)
   (You found it on level 8 of the Dungeon)
 O - an amulet of regeneration (around neck)
   (You found it on level 1 of the Lair of Beasts)
Wands
 m - a wand of iceblast (17)
   (You found it on level 2 of the Dungeon)
 n - a wand of polymorph (4)
   (You found it on level 2 of the Dungeon)
 v - a wand of digging (12)
   (You found it on level 1 of the Lair of Beasts)
 C - a wand of scattershot (5)
   (You found it on level 7 of the Dungeon)
 G - a wand of disintegration (14)
   (You found it on level 7 of the Dungeon)
 H - a wand of random effects (5)
   (You found it on level 7 of the Dungeon)
 M - a wand of flame (21)
   (You found it on level 8 of the Dungeon)
Scrolls
 f - 3 scrolls of magic mapping
 g - 4 scrolls of enchant armour {unknown}
 h - a scroll of immolation
 t - 5 scrolls of teleportation
 w - a scroll of remove curse
 y - a scroll of fear
 B - 2 scrolls of noise {unknown}
 F - 2 scrolls of blinking {unknown}
 N - a scroll of vulnerability {unknown}
Potions
 c - a potion of cancellation
 i - a potion of degeneration
 p - 4 potions of lignification
 q - a potion of curing
 s - 2 potions of agility
 A - 3 potions of flight
Comestibles
 e - 19 rations {!d}
 r - 12 chunks of flesh


   Skills:
 + Level 9.7 Fighting
 + Level 13.4 Axes
 + Level 1.7 Throwing
 + Level 11.2 Armour
 * Level 6.6 Dodging
 - Level 7.0 Evocations


You had 10 spell levels left.
You didn't know any spells.
Your spell library was empty.

Dungeon Overview and Level Annotations

Branches:
Dungeon (9/12)             Temple (1/1) D:6            Lair (1/6) D:7
    Orc: D:8-11

Altars:
Cheibriados
Dithmenos
Elyvilon
Fedhas
Gozag
Hepliaklqana
Lugonu
Makhleb
Nemelex Xobeh
Qazlal
Ru
Sif Muna
Trog
Vehumet
Zin
The Shining One

Shops:
D:6 [[:((   D:7 *


Innate Abilities, Weirdness & Mutations

You reflexively headbutt those who attack you in melee.
You have a pair of horns on your head.


Message History

A cane toad comes into view.
Your ogre hits the cane toad with a +0 giant club!
The cane toad hits you!
* * * LOW HITPOINT WARNING * * *
You closely miss the cane toad.
The cane toad is moderately wounded.
You slash the cane toad! Your headbutt misses the cane toad.
The cane toad is heavily wounded.
Your ogre barely misses the cane toad.
The cane toad hits you!
* * * LOW HITPOINT WARNING * * *
You are poisoned.
The cane toad poisons you!
Okay, then.
A red film seems to cover your vision as you go berserk!
You feel yourself moving faster!
You feel mighty!
You are feeling hungry.
You feel sick.
Your ogre barely misses the cane toad.
The cane toad hits you but does no damage.
You slice the cane toad!!
You kill the cane toad!
Trog accepts your kill.
You feel sick.
You hear a loud, deep croak!
The cane toad hits your ogre! Something hits your ogre!
You feel sick.
Your ogre closely misses the cane toad.
Your ogre closely misses something.
The cane toad hits your ogre!!
Your ogre dies!
Your ogre's corpse disappears in a puff of smoke!
A cane toad comes into view.
The cane toad gives a loud, deep croak!
You hear a croak.
You closely miss the cane toad. You headbutt the cane toad!
The cane toad is moderately wounded.
Your plate armour prevents you from hitting the cane toad.
You headbutt the cane toad!
The cane toad is severely wounded.
The cane toad hits you.
* * * LOW HITPOINT WARNING * * *
You are more poisoned.
The cane toad poisons you!
You slash the cane toad!
You kill the cane toad!
Trog accepts your kill.
You feel sick.
A cane toad comes into view.
You slice the cane toad!! You headbutt the cane toad!
The cane toad is severely wounded.
You feel sick.
You barely miss the cane toad.
The cane toad is severely wounded.
You feel sick. The cane toad closely misses you.
You hit the cane toad but do no damage. You headbutt the cane toad!
You kill the cane toad!
Trog accepts your kill.
You feel sick.
You hit the cane toad.
The cane toad is lightly wounded.
You hear a loud, deep croak!
You slice the cane toad!!
The cane toad is severely wounded.
You feel sick. The cane toad hits you.
* * * LOW HITPOINT WARNING * * *
You are more poisoned.
The cane toad poisons you!
You are too berserk!
Your plate armour prevents you from hitting the cane toad.
Your headbutt misses the cane toad.
The cane toad is heavily wounded.
You feel sick.
You hit the cane toad. Your headbutt misses the cane toad.
The cane toad is severely wounded.
You feel sick. The cane toad closely misses you.
You barely miss the cane toad.
The cane toad is severely wounded.
You feel sick.
You slash the cane toad!
The cane toad is almost dead.
You feel sick. The cane toad hits you!
* * * LOW HITPOINT WARNING * * *
You are more poisoned.
The cane toad poisons you!
You are too berserk!
Okay, then.
You closely miss the cane toad. You headbutt the cane toad.
You kill the cane toad!
Trog accepts your kill.
* * * LOW HITPOINT WARNING * * *
You feel sick.
You are too berserk!
You are too berserk!
You are too berserk!
Unknown command.
There is a lethal amount of poison in your body!
Unknown command.
* * * LOW HITPOINT WARNING * * *
You feel sick.
You feel a strong urge to attack something.
You are no longer berserk.
You are exhausted.
You feel yourself slow down.
You die...

...#####...
....#....# ####
.....#P..###...
##.......#...
#### ##.....#..#
...#
##....#†.#####..
##....#..#.##.#
##.......†÷#.#
##.##......@#
####.......†.#
###########


There were no monsters in sight!

Vanquished Creatures
  A centaur zombie (D:9)
  An elephant (D:7)
  2 centaur skeletons
  2 black mambas (Lair:1)
  7 cane toads (Lair:1)
  A gargoyle (D:7)
  5 komodo dragons (Lair:1)
  A dryad (D:7)
  A wind drake (shapeshifter) (D:8)
  A hippogriff (D:8)
  16 yaks
  A hungry ghost (D:8)
  A crocodile (Lair:1)
  A water moccasin (D:7)
  A porcupine (D:8)
  3 orc warriors
  2 sky beasts
  A black bear (D:8)
  2 ice beasts
  A phantom (D:6)
  A necrophage (D:7)
  2 centaurs
  6 ogres
  6 wolves (Lair:1)
  3 bullfrogs
  2 scorpions
  A statue (D:7)
  9 wights
  3 howler monkeys
  4 crimson imps
  4 hounds
  2 bullfrog skeletons
  5 orc priests
  6 orc wizards
  5 worker ants
  A hound skeleton (D:6)
  A worker ant zombie (D:4)
  4 adders
  10 river rats (D:5)
  2 shadow imps
  2 oozes (D:6)
  An adder skeleton (D:4)
  2 worms
  2 dart slugs (D:1)
  9 leopard geckos
  24 orcs
  5 bats
  3 giant cockroaches
  5 goblins
  6 hobgoblins
  12 jackals
  7 quokkas
  A ball python (D:1)
  2 frilled lizards
  A kobold (D:1)
  21 rats
231 creatures vanquished.

Vanquished Creatures (collateral kills)
  3 cane toads (Lair:1)
  3 komodo dragons (Lair:1)
6 creatures vanquished.

Vanquished Creatures (others)
  2 fungi (Lair:1)
  A plant (Lair:1)
3 creatures vanquished.

Grand Total: 240 creatures vanquished

Notes
Turn   | Place    | Note
-------+----------+-------------------------------------------
     0 | D:1      | Artagas the Minotaur Berserker began the quest for the Orb.
     0 | D:1      | Reached XP level 1. HP: 19/19 MP: 0/0
   271 | D:1      | Reached XP level 2. HP: 27/27 MP: 1/1
   273 | D:1      | Reached skill level 4 in Fighting
   283 | D:1      | Reached skill level 4 in Axes
   568 | D:1      | Reached XP level 3. HP: 33/33 MP: 2/2
   993 | D:2      | Reached ** piety under Trog
  1221 | D:2      | Found a glowing silver altar of Zin.
  1754 | D:3      | Reached XP level 4. HP: 41/41 MP: 3/3
  1855 | D:3      | Reached skill level 5 in Axes
  1855 | D:3      | Reached skill level 3 in Armour
  1855 | D:3      | Reached skill level 3 in Dodging
  1855 | D:3      | Reached XP level 5. HP: 47/47 MP: 4/4
  1924 | D:3      | Reached skill level 1 in Evocations
  2703 | D:4      | Reached skill level 5 in Fighting
  2776 | D:4      | Noticed an ogre
  2782 | D:4      | Killed an ogre
  2783 | D:4      | Reached XP level 6. HP: 51/56 MP: 3/6
  2892 | D:4      | Reached skill level 6 in Axes
  2892 | D:4      | Reached skill level 4 in Armour
  2892 | D:4      | Reached skill level 2 in Evocations
  3175 | D:4      | Noticed an ice beast
  3181 | D:4      | Killed an ice beast
  3217 | D:4      | Noticed a sky beast
  3230 | D:4      | Killed a sky beast
  3231 | D:4      | Reached XP level 7. HP: 46/61 MP: 4/7
  3413 | D:4      | Found a sacrificial altar of Ru.
  3413 | D:4      | Found a snail-covered altar of Cheibriados.
  3418 | D:4      | Found a shadowy altar of Dithmenos.
  3437 | D:4      | Found a bloodstained altar of Trog.
  3439 | D:4      | Found a stormy altar of Qazlal.
  3498 | D:4      | Reached skill level 5 in Armour
  3699 | D:4      | Found a blossoming altar of Fedhas.
  3699 | D:4      | Found a burning altar of Makhleb.
  3801 | D:5      | Entered Level 5 of the Dungeon
  3811 | D:5      | Reached skill level 7 in Axes
  3832 | D:5      | Reached *** piety under Trog
  3833 | D:5      | Reached skill level 3 in Evocations
  4354 | D:5      | Reached XP level 8. HP: 66/70 MP: 9/9
  4376 | D:5      | Reached skill level 6 in Fighting
  4564 | D:5      | Reached skill level 6 in Armour
  4630 | D:5      | Reached **** piety under Trog
  4634 | D:5      | Reached skill level 8 in Axes
  5123 | D:6      | Found Rotuenlu's Book Shoppe.
  5135 | D:6      | Reached skill level 1 in Throwing
  5135 | D:6      | Reached skill level 4 in Evocations
  5154 | D:6      | Reached skill level 9 in Axes
  5154 | D:6      | Reached skill level 7 in Armour
  5171 | D:6      | Found Reenk's Antique Weapon Boutique.
  5206 | D:6      | Found a staircase to the Ecumenical Temple.
  5219 | Temple   | Entered the Ecumenical Temple
  5377 | Temple   | Reached XP level 9. HP: 77/78 MP: 6/11
  5469 | D:6      | Reached skill level 4 in Dodging
  5509 | D:6      | Found Qitoll's Weapon Emporium.
  5708 | D:6      | Found Suesoul's Armour Emporium.
  5747 | D:6      | Found Vuppur's Antique Armour Boutique.
  5758 | D:6      | Got a buzzing falchion
  5935 | D:7      | Noticed a gargoyle
  5962 | D:7      | Killed a gargoyle
  5963 | D:7      | Reached skill level 7 in Fighting
  6059 | D:7      | Found Vonnerph's General Store.
  6086 | D:7      | Bought a potion of curing for 25 gold pieces
  6086 | D:7      | Bought a potion of flight for 40 gold pieces
  6152 | D:7      | Reached skill level 8 in Armour
  6152 | D:7      | Reached skill level 5 in Evocations
  6178 | D:7      | Reached skill level 10 in Axes
  6343 | D:7      | Found a staircase to the Lair.
  6343 | D:7      | Noticed an elephant
  6363 | D:7      | Killed an elephant
  6430 | D:7      | Noticed a dryad
  6444 | D:7      | Killed a dryad
  6792 | D:8      | Noticed Maurice
  6804 | D:7      | Reached XP level 10. HP: 74/86 MP: 11/13
  6987 | D:8      | Reached skill level 11 in Axes
  7024 | D:8      | Reached ***** piety under Trog
  7085 | D:8      | Reached skill level 9 in Armour
  7219 | D:8      | Reached skill level 6 in Evocations
  7477 | D:8      | Noticed Maurice
  7477 | D:8      | Maurice changed into Maurice the porcupine
  7478 | D:8      | Killed Maurice the porcupine
  7489 | D:8      | Reached skill level 8 in Fighting
  7609 | D:8      | Reached skill level 12 in Axes
  8345 | Lair:1   | Entered Level 1 of the Lair of Beasts
  8535 | Lair:1   | Reached skill level 5 in Dodging
  8535 | Lair:1   | Reached skill level 7 in Evocations
  8535 | Lair:1   | Reached XP level 11. HP: 89/95 MP: 15/15
  8563 | Lair:1   | Reached skill level 10 in Armour
  8674 | Lair:1   | Received a gift from Trog
  8705 | Lair:1   | Identified the +3 falchion "Zila" {holy, *Drain +Blink
                  | rPois Int+9} (You found it on level 6 of the Dungeon)
  8808 | Lair:1   | Reached skill level 9 in Fighting
  8818 | Lair:1   | Reached skill level 6 in Dodging
  8839 | Lair:1   | Reached skill level 13 in Axes
  8858 | Lair:1   | Reached skill level 11 in Armour
  8871 | Lair:1   | HP: 21/145 [cane toad (3)]
  8877 | Lair:1   | HP: 19/145 [poisoned by a cane toad]
  8881 | Lair:1   | HP: 2/145 [cane toad (8)]
  8884 | Lair:1   | Succumbed to a cane toad's poison

Skill      XL: |  1  2  3  4  5  6  7  8  9 10 11 |
---------------+----------------------------------+-----
Fighting       | 4 5 6 7 8 9 |  9.7
Axes           | 4 5 6 7 9 10 12 13 | 13.4
Armour         | 3 4 5 7 8 9 11 | 11.2
Dodging        | 3 4 5 6 |  6.6
Evocations     | 1 2 3 4 5 7 |  7.0
Throwing       | 1 |  1.7

Action                   |  1- 3 |  4- 6 |  7- 9 | 10-12 || total
-------------------------+-------+-------+-------+-------++-------
Melee: Hand axe          |    81 |    95 |   280 |   289 ||   745
       Headbutt          |    14 |    20 |    64 |    76 ||   174
Throw: Tomahawk          |       |       |     9 |     1 ||    10
Invok: Berserk           |     3 |     3 |     6 |     6 ||    18
       Trog's Hand       |       |     1 |       |       ||     1
       Brothers in Arms  |       |       |       |     1 ||     1
Evoke: Wand              |       |       |     5 |     2 ||     7
  Use: Scroll            |     4 |       |     5 |     3 ||    12
 Stab: Sleeping          |     2 |     2 |     2 |       ||     6
       Distracted        |       |     1 |       |       ||     1
  Eat: Chunk             |     7 |    11 |    23 |    17 ||    58
Armor: Animal skin       |     3 |       |       |       ||     3
       Ring mail         |    13 |       |       |       ||    13
       Scale mail        |    11 |    36 |    67 |       ||   114
       Plate armour      |       |       |    57 |   109 ||   166
Dodge: Dodged            |    46 |    36 |   101 |    82 ||   265

Levels and vault maps discovered:
D:1:      dpeg_arrival_stone_temple_mockup, layout_basic
D:2:      lemuel_upstairs_altar, layout_loops_ring, zin_academy
D:3:      layout_basic
D:4:      layout_basic, chequers_temple_overflow_minitemple,
          gammafunk_temple_overflow_wave, first_ration,
          kennysheep_generic_room_3
D:5:      lemuel_ratsnest, layout_layer_cave
D:6:      layout_basic, minmay_temple_entry_slanted, serial_shops, shop,
          kennysheep_mini_moat, nicolae_shop_overgrown_old_shop, shop, shop
D:7:      layout_basic, bhauth_dryad_lair, serial_shops, nicolae_shop_waterfront
D:8:      layout_cave_pods, uniq_maurice
D:9:      layout_stronghold, kennysheep_little_box,
          gammafunk_temple_overflow_elements, uniq_gastronok,
          uniq_prince_ribbit1
Temple:   nicolae_temple_x_marks_the_god
Lair:1:   layout_concentric_octagons, beast_lair_carwin_7

Table legend:
 A = Turns spent in this place as a percentage of turns spent in the entire game.
 B = Non-inter-level travel turns spent in this place as a percentage of non-inter-level travel turns spent in the entire game.
 C = Inter-level travel turns spent in this place as a percentage of turns spent in this place.
 D = Turns resting spent in this place as a percentage of non-inter-level travel turns spent in this place.
 E = Turns spent auto-exploring this place as a percentage of non-inter-level travel turns spent in this place.
 F = Non-inter-level travel turns spent in this place divided by the number of levels of this place that you've seen.
                   A       B       C       D       E      F
               +-------+-------+-------+-------+-------+----------------------
         Total | 100.0 | 100.0 |   5.3 |  13.3 |  67.5 | 764.8
       Dungeon |  92.3 |  91.9 |   5.7 |  11.1 |  70.9 | 859.0
        Temple |   2.7 |   2.9 |   0.0 |  89.2 |   0.0 | 240.0
          Lair |   5.0 |   5.3 |   0.9 |  10.4 |  44.3 | 442.0
               +-------+-------+-------+-------+-------+----------------------

Table legend:
 A = Kills in this place as a percentage of kills in entire the game.
 B = Kills by you in this place as a percentage of kills by you in the entire game.
 C = Kills by friends in this place as a percentage of kills by friends in the entire game.
 D = Other kills in this place as a percentage of other kills in the entire game.
 E = Experience gained in this place as a percentage of experience gained in the entire game.
 F = Experience gained in this place divided by the number of levels of this place that you have seen.
                   A       B       C       D       E      F
               +-------+-------+-------+-------+-------+----------------------
         Total | 100.0 | 100.0 | 100.0 |   N/A | 100.0 | 1729.2
       Dungeon |  84.8 |  87.0 |   0.0 |   N/A |  53.2 | 1125.3
        Temple |   1.3 |   1.3 |   0.0 |   N/A |   1.2 | 219.0
          Lair |  13.9 |  11.7 | 100.0 |   N/A |  45.6 | 8674.0
               +-------+-------+-------+-------+-------+----------------------
